cohdb
Replays
Latest Replays
All Replays
Popular Replays
Top Player Replays
Match Explorer
How It Works
Community
CoH3 Stats
Reddit
Sign in to upload your games and track your stats! →
Sign in with Steam
Match 41770130
Unlisted
Match 41770130
Overview
Messages
Build Orders
End
Royal Engineer Section
Construct Section Command Post
Vickers Machine Gun Team
Selects Canadian Shock Battlegroup
Infantry Section
Infantry Section
Construct Field Infirmary
Construct Platoon Command Post
Selects Attacking Spirit
Selects Canadian Shock Section
Unlock M3 Stuart Light Tanks
M3 Stuart Light Tank
Selects Smoke Operation
6-pounder Anti-tank Gun Team
Construct Company Command Post
Selects Incendiary Munitions
Selects Pyrotechnics
Crusader II Medium Tank
Crusader II Medium Tank
Foot Guards Section
Selects Churchill Crocodile Heavy Tank
Churchill Crocodile Heavy Tank
Crusader II Medium Tank
Crusader II Medium Tank
Unlock M3 Grant Medium Tanks
Royal Engineer Section
M3 Grant Medium Tank
Royal Engineer Section
Engine1000
godomode
incel_incinerat0r
Tenshi
0
0
Comments
sign in to comment!
No comments posted yet!